 Dungeon Crawl Stone Soup version 0.31.0-11-ge490571c62 (webtiles) character file.

Game seed: 1148211559365078475

289 EonDragon20 the Insei (level 6, -9/43 HPs)
             Began as a Merfolk Shapeshifter on Feb 6, 2024.
             Mangled by an ogre
             ... wielding a +0 giant club
              (20 damage)
             ... on level 4 of the Dungeon.
             The game lasted 00:06:30 (2864 turns).

EonDragon20 the Insei (Merfolk Shapeshifter)        Turns: 2864, Time: 00:06:31

Health: -9/43      AC:  3    Str: 14    XL:     6   Next: 31%
Magic:  6/6        EV: 12    Int: 10    God:
Gold:   292        SH:  0    Dex: 15    Spells: 5/5 levels left

rFire   . .          .
                       - Unarmed
rCold   . . .        (no shield)
rNeg    . . .        a - +0 leather armour {Will+}
rPois   .            (helmet currently unavailable)
rElec   .            (cloak currently unavailable)
rCorr   .            (gloves currently unavailable)
SInv    .            (boots currently unavailable)
Will    +....        (no amulet)
Stlth   +            (no ring)
HPRegen 0.27/turn    (no ring)
MPRegen 0.10/turn

%: no passive effects
@: beast-form
A: beast (slay +2), (nimble swimmer 2), mertail
a: Begin Untransformation


You were on level 4 of the Dungeon.
You were a hulking beast.
You visited 1 branch of the dungeon, and saw 4 of its levels.

You collected 292 gold pieces.

Inventory:

Armour
 a - a +0 leather armour of willpower (worn)
 i - a +1 pair of gloves
Talismans
 c - a beast talisman
 d - a flux talisman
Scrolls
 f - 4 scrolls of enchant weapon
 j - a scroll of fog {unknown}
 k - a scroll of amnesia {unknown}
 l - a scroll of brand weapon {unknown}
 m - a scroll of noise {unknown}
Potions
 b - a potion of lignification
 e - a potion of degeneration {unknown}
 g - a potion of brilliance
 h - a potion of ambrosia
 n - a potion of mutation {unknown}


   Skills:
 - Level 1.1 Fighting
 - Level 2.6 Dodging
 - Level 7.1 Unarmed Combat
 + Level 4.8 Shapeshifting


You had 5 spell levels left.
You didn't know any spells.
Your spell library contained the following spells:

 Spells                   Type           Power      Damage    Failure   Level
 Gell's Gravitas          Tloc           0%         N/A       82%         3
 Teleport Other           Tloc           0%         N/A       82%         3
 Dispersal                Tloc           0%         N/A       100%        6


Dungeon Overview and Level Annotations

Branches:
Dungeon (4/15)
 Temple: D:4-7

Altars:

Shops:
D:2 (

Annotations:
D:4 2 transporters, Gadfly's ghost, amateur DsMo


Innate Abilities, Weirdness & Mutations

You are a hulking beast.
Your limbs bulge with bestial killing power. (Slay +2)
((You are very nimble when in or above water. (Stealth+, EV+, Speed+++)))
Your lower body shifts to a powerful aquatic tail in water.


Message History

The adder barely misses you. The jackal attacks as it pursues you!
The jackal bites you. The adder attacks as it pursues you!
The adder closely misses you. The jackal attacks as it pursues you!
The jackal barely misses you. The adder attacks as it pursues you!
The adder bites you.
You are poisoned.
The adder poisons you!
You feel sick. The jackal attacks as it pursues you!
The jackal closely misses you. x2
You feel sick. The adder bites you.
You are more poisoned.
The adder poisons you!
You feel sick. The jackal barely misses you.
You feel sick.
Items here: ))))) [ ††.
You feel sick. The jackal attacks as it pursues you!
The jackal barely misses you. The jackal closely misses you.
You completely miss the jackal.
You feel sick. The jackal barely misses you.
You punch the jackal!
You kill the jackal!
You feel sick.
You punch the adder!
You kill the adder!
You feel sick.
Okay, then.
You feel sick.
You closely miss the ogre.
You feel sick.
You are no longer poisoned.
You hit the ogre.
The ogre is lightly wounded.
The ogre closely misses you.
You hit the ogre. You punch the ogre.
The ogre is heavily wounded.
The ogre closely misses you.
You hit the ogre.
The ogre is severely wounded.
You hit the ogre.
The ogre is severely wounded.
The ogre hits you with a +0 giant club!!
You die...

#########
#.......#######
..............#
.....©........######
############..)Oh..#
.....W:.Z..#..####.#
....Z......#..# #.#
..##...##..#..# #.#
..#8...8#..#..## #.#
..##..Z##..#...# #.#
.....©.....#...#
#.####### .
##...##..#...###.#.....#
..
8...8#..#.......#.....#


You could see an ogre.

Vanquished Creatures
  A killer bee (D:4)
  A hound (D:4)
  A bombardier beetle (D:3)
  An orc wizard (D:3)
  Robin (D:2)
  A gnoll (D:4)
  4 adders
  A ribbon worm (D:3)
  17 orcs
  7 endoplasms
  15 goblins
  2 hobgoblins
  4 jackals (D:4)
  6 kobolds
  A quokka (D:2)
  3 ball pythons
  6 bats
  2 frilled lizards
  4 rats
78 creatures vanquished.

Notes
Turn   | Place    | Note
-------+----------+-------------------------------------------
     0 | D:1      | EonDragon20 the Merfolk Shapeshifter began the quest for
                  | the Orb.
     0 | D:1      | Reached XP level 1. HP: 15/15 MP: 1/1
   105 | D:1      | Reached XP level 2. HP: 16/21 MP: 2/2
   165 | D:1      | Reached skill level 4 in Unarmed Combat
   703 | D:1      | Reached XP level 3. HP: 25/26 MP: 3/3
   711 | D:1      | Found a faded altar of an unknown god.
  1013 | D:2      | Noticed Robin
  1050 | D:2      | Killed Robin
  1051 | D:2      | Reached skill level 5 in Unarmed Combat
  1306 | D:2      | Found Saownus's Weapon Shoppe.
  1586 | D:3      | Reached XP level 4. HP: 32/32 MP: 4/4
  1864 | D:3      | Reached skill level 6 in Unarmed Combat
  1864 | D:3      | Reached XP level 5. HP: 30/37 MP: 5/5
  2400 | D:4      | Found a transporter.
  2402 | D:4      | Noticed Gadfly's ghost (amateur DsMo)
  2407 | D:4      | Found a transporter.
  2448 | D:4      | Reached skill level 7 in Unarmed Combat
  2649 | D:4      | Reached XP level 6. HP: 42/43 MP: 6/6
  2672 | D:4      | Noticed an orc warrior
  2864 | D:4      | Mangled by an ogre

Illustrated notes

Levels and vault maps discovered:
D:1:      mainiacjoe_arrival_oval_in_oval, layout_loops_ring,
          shapermc_ecumenical_altar_mp_ritualfount, reono_crystal_passage,
          serial_park_tiny_pond, minivault_14, nicolae_figureground_sparkle
D:2:      layout_basic, serial_shops, shop, lightli_corner_chamber, uniq_robin
D:3:      layout_basic
D:4:      layout_loops_ring, gammafunk_ghost_mausoleum, serial_shops,
          nicolae_shop_getting_attention, minmay_manual_mail

Skill      XL: |  1  2  3  4  5 |
---------------+----------------+-----
Unarmed Combat | 4 5 6 7 |  7.1
Fighting       | |  1.1
Dodging        | |  2.6
Shapeshifting  | |  4.8

Action                     |  1- 3 |  4- 6 || total
---------------------------+-------+-------++-------
  Melee: Unarmed           |    93 |   117 ||   210
         Punch             |       |     4 ||     4
    Use: Scroll            |     2 |       ||     2
         Potion            |     2 |       ||     2
   Stab: Sleeping          |     2 |       ||     2
 Armour: Animal skin       |    27 |       ||    27
         Leather armour    |    21 |    54 ||    75
  Dodge: Dodged            |    55 |    50 ||   105
